 Dungeon Crawl Stone Soup version 0.29-a0-994-gc5c9f59d18 (webtiles) character file.

Game seed: 1193198199234696599

1526 Asher535 the Covered (level 8, -3/69 (73) HPs)
             Began as a Minotaur Fighter on Aug 3, 2022.
             Was a Follower of Makhleb.
             Slain by a wight
             ... wielding a +5 great sword
              (8 damage)
             ... on level 6 of the Dungeon.
             The game lasted 00:16:35 (6608 turns).

Asher535 the Covered (Minotaur Fighter)             Turns: 6608, Time: 00:16:36

HP:   -3/69 (73)    AC: 12    Str: 23    XL:     8   Next: 55%
MP:   7/7           EV:  9    Int:  5    God:    Makhleb [*.....]
Gold: 236           SH:  6    Dex: 10    Spells: 7/7 levels left

rFire   . . .      SeeInvis .   s - +1 hand axe (venom)
rCold   . . .      Faith    .   c - +1 buckler
rNeg    . . .      Spirit   .   b - +0 scale mail
rPois   .          Reflect  .   (helmet restricted)
rElec   .          Harm     .   (no cloak)
rCorr   .          Rampage  .   (no gloves)
Will    .....                   (no boots)
Stlth   ..........              (no amulet)
HPRegen 0.21/turn               r - +4 ring of protection
MPRegen 0.10/turn               (no ring)

@: studying Transmutations, drained
A: horns 2, retaliatory headbutt
a: Renounce Religion


You were on level 6 of the Dungeon.
You worshipped Makhleb.
Makhleb was aware of your devotion.
You visited 2 branches of the dungeon, and saw 7 of its levels.

You collected 236 gold pieces.

Inventory:

Hand Weapons
 a - a +0 war axe
 l - the +3 spear of Contradiction {flame, Int+7}
   (You found it on level 2 of the Dungeon)

   It burns those it strikes, dealing additional fire damage.
   Int:       It affects your intelligence (+7).
 m - a +0 war axe
 s - a +1 hand axe of venom (weapon)
 A - a +3 mace
 I - a +0 hand axe of flaming
 L - a +5 flail of freezing
Missiles
 G - 5 poisoned darts (quivered)
Armour
 b - a +0 scale mail (worn)
 c - a +1 buckler (worn)
 F - a +2 leather armour of positive energy
Magical Staves
 E - a staff of death
Jewellery
 r - a +4 ring of protection (left hand)
 K - a ring of poison resistance
Wands
 H - a wand of digging (4)
Scrolls
 d - 3 scrolls of enchant weapon {unknown}
 e - 2 scrolls of enchant armour
 f - 7 scrolls of identify
 i - a scroll of poison
 n - 2 scrolls of teleportation {unknown}
 o - 4 scrolls of magic mapping {unknown}
 p - a scroll of vulnerability {unknown}
 t - a scroll of acquirement {unknown}
 u - a scroll of butterflies {unknown}
 y - a scroll of noise {unknown}
 B - a scroll of amnesia {unknown}
 C - a scroll of fear {unknown}
Potions
 g - a potion of attraction
 h - a potion of invisibility {unknown}
 j - a potion of haste
 k - 2 potions of mutation {unknown}
 q - 2 potions of flight {unknown}
 v - 2 potions of brilliance {unknown}
 w - a potion of cancellation {unknown}
 x - a potion of curing
 z - a potion of magic {unknown}
 D - a potion of degeneration {unknown}
 J - a potion of berserk rage {unknown}


   Skills:
 + Level 7.3 Fighting
 + Level 6.8 Axes
 + Level 7.4 Armour
 + Level 7.3 Shields


You had 7 spell levels left.
You didn't know any spells.
Your spell library contained the following spells:

 Spells                   Type           Power      Damage    Failure   Level
 Slow                     Hex            0%         N/A       83%         1
 Confusing Touch          Hex            0%         N/A       99%         3
 Vampiric Draining        Necr           0%         2d6       99%         3
 Malign Gateway           Summ/Tloc      0%         N/A       100%        7
 Summon Horrible Things   Summ           0%         N/A       100%        8


Dungeon Overview and Level Annotations

Branches:
Dungeon (6/15)             Temple (1/1) D:4

Altars:
Cheibriados
Fedhas
Gozag
Makhleb
Ru
Trog
Uskayaw
Vehumet
Wu Jian
Xom
Yredelemnul
Zin
The Shining One


Innate Abilities, Weirdness & Mutations

You have a pair of horns on your head.
You reflexively headbutt those who attack you in melee.


Message History

You hit the wight. You headbutt the wight!
The wight is severely damaged.
The wight hits you with a +5 flail of freezing!
You feel drained. The wight freezes you.
You hit the wight.
You destroy the wight!
Makhleb accepts your kill.
You feel better.
Your life force feels restored.
A wight comes into view. It is wielding a +5 great sword.
Things that are here:
a +5 flail of freezing; a +0 robe
L - a +5 flail of freezing
Things that are here:
a +3 great sword; a +0 robe
Okay, then.
Throw: 6 darts (poison)
Press: ? - help, Shift-Dir - straight line, f - wight
Aim: a wight, wielding a +5 great sword and wearing a +0 robe (59% to hit)
You throw a poisoned dart. The poisoned dart hits the wight.
You hit the wight but do no damage.
The wight hits you with a +5 great sword!
You barely miss the wight. Your headbutt misses the wight.
The wight hits you with a +5 great sword!
* * * LOW HITPOINT WARNING * * *
You feel drained.
* * * LOW HITPOINT WARNING * * *
You feel better.
The wight hits you with a +5 great sword!
* * * LOW HITPOINT WARNING * * *
You feel drained.
* * * LOW HITPOINT WARNING * * *
Okay, then.
You hit the wight. Your headbutt misses the wight.
The wight is lightly damaged.
The wight hits you but does no damage.
You barely miss the wight.
The wight is lightly damaged.
The wight hits you with a +5 great sword!
You die...

#......##..###..## #...
##..#......###...# #...
######.....##...####...
######......##..........
##.......##..............
##........#...............
####.#.......................
##....###............####.....
#......[....z@#.....## #.....
#......)..(...#...... #.....
##....####.###........ #.....
##... ###........... #...(.
.... ........#...#...## .....
........#......##. ..#.
........##..... # #### ......
..##.


You could see a wight.

Vanquished Creatures
  The ghost of dunno567 the Magician, an amateur DjFE (D:4)
  A water moccasin (D:5)
  2 black bears
  An ogre (D:4)
  A necrophage (D:5)
  A scorpion (D:4)
  3 wights
  An orc priest (D:5)
  2 hounds (D:4)
  3 iguanas
  Ijyb (D:3)
  Natasha (thrice) (D:2)
  9 orc wizards
  Robin (D:2)
  8 adders
  A white imp (D:6)
  2 ufetubi
  2 worms (D:2)
  4 dart slugs
  24 orcs
  6 ball pythons
  8 endoplasms
  5 giant cockroaches
  15 goblins
  16 hobgoblins
  6 jackals
  4 quokkas
  9 bats
  2 frilled lizards
  9 kobolds
  14 rats
165 creatures vanquished.

Vanquished Creatures (others)
  2 withered plants (D:4)
2 creatures vanquished.

Grand Total: 167 creatures vanquished

Notes
Turn   | Place    | Note
-------+----------+-------------------------------------------
     0 | D:1      | Asher535 the Minotaur Fighter began the quest for the Orb.
     0 | D:1      | Reached XP level 1. HP: 19/19 MP: 0/0
    67 | D:1      | Reached XP level 2. HP: 23/27 MP: 1/1
   253 | D:1      | Found a faded altar of an unknown god.
   494 | D:1      | Reached XP level 3. HP: 33/33 MP: 2/2
  1115 | D:2      | Noticed Robin
  1127 | D:2      | Reached XP level 4. HP: 8/41 MP: 3/3
  1128 | D:2      | HP: 2/41 [goblin/+0 club[Robin] (2)]
  1132 | D:2      | Killed Robin
  1537 | D:2      | Identified the +3 spear of Contradiction {flame, Int+7}
  1724 | D:2      | Noticed Natasha
  1729 | D:2      | Killed Natasha
  1823 | D:2      | Noticed Natasha
  1830 | D:2      | Killed Natasha
  1831 | D:2      | Reached XP level 5. HP: 32/47 MP: 4/4
  2280 | D:2      | Noticed Natasha
  2287 | D:2      | Killed Natasha
  2809 | D:3      | Reached skill level 5 in Fighting
  2809 | D:3      | Reached skill level 5 in Armour
  2809 | D:3      | Reached skill level 5 in Shields
  3034 | D:3      | Noticed Ijyb
  3043 | D:3      | Killed Ijyb
  3044 | D:3      | Reached XP level 6. HP: 53/56 MP: 5/5
  3392 | D:4      | Found a staircase to the Ecumenical Temple.
  3485 | Temple   | Entered the Ecumenical Temple
  3731 | Temple   | Became a worshipper of Makhleb the Destroyer
  3820 | D:4      | Found a runed translucent door.
  4004 | D:4      | Found a sacrificial altar of Ru.
  4061 | D:4      | Noticed dunno567's ghost (amateur DjFE)
  4419 | D:4      | Reached skill level 5 in Axes
  4419 | D:4      | Reached XP level 7. HP: 62/62 MP: 6/6
  4715 | D:4      | Killed dunno567's ghost
  4788 | D:5      | Entered Level 5 of the Dungeon
  4909 | D:5      | Reached * piety under Makhleb
  5315 | D:5      | Reached XP level 8. HP: 67/71 MP: 7/7
  5526 | D:5      | Found a glowing golden altar of the Shining One.
  5528 | D:5      | Noticed an angel
  5543 | D:5      | Found a basalt altar of Yredelemnul.
  5545 | D:5      | Noticed a profane servitor
  6608 | D:6      | Slain by a wight

Illustrated notes

Levels and vault maps discovered:
D:1:      eino_arrival_tree_alley, layout_loops_ring,
          ebering_ecumenical_altar_petrified, minmay_misc_feat_enclosed,
          minmay_rat_gold_closets
D:2:      layout_basic, st_stairs_4, uniq_robin, uniq_natasha
D:3:      layout_rooms, skrybe_limestone_x, grunt_ministairs_8, uniq_ijyb
D:4:      minmay_evil_eye, layout_loops_ring, mainiacjoe_overflow_brackets,
          temple_pool_b, gammafunk_ghost_grave, chequers_serial_rivers_small_b,
          minmay_manual_macuahuitl
D:5:      layout_loops_ring, grunt_temple_overflow_holy_war
D:6:      layout_cave_pools, nicolae_hepliaklqana_hazy_memory,
          kennysheep_okawaru_gauntlet
Temple:   jpeg_temple_alley_garden

Skill      XL: |  1  2  3  4  5  6  7  8 |
---------------+-------------------------+-----
Armour         | 4 5 6 7 |  7.4
Shields        | 4 5 6 7 |  7.3
Fighting       | 4 5 6 7 |  7.3
Axes           | 3 4 5 6 |  6.8

Action                   |  1- 3 |  4- 6 |  7- 9 || total
-------------------------+-------+-------+-------++-------
Melee: War axe           |    87 |    50 |       ||   137
       Headbutt          |     9 |    21 |    24 ||    54
       Hand axe          |       |    94 |   158 ||   252
Throw: Dart              |       |       |     1 ||     1
Evoke: Wand              |       |     2 |     4 ||     6
  Use: Potion            |     1 |     1 |     1 ||     3
       Scroll            |       |     4 |       ||     4
Armor: Scale mail        |    44 |    43 |    65 ||   152
Dodge: Dodged            |    44 |    56 |    43 ||   143
Block: Buckler           |    16 |    37 |    45 ||    98

Table legend: (Time is in decaauts)
 A = Elapsed time spent in this place.
 B = Non-inter-level travel time spent in this place.
 C = Inter-level travel time spent in this place.
 D = Time resting spent in this place.
 E = Time spent auto-exploring this place.
 F = Levels seen in this place.
 G = Mean time per level.
                   A        B        C        D        E       F      G
               +--------+--------+--------+--------+--------+-----+--------+
         Total |   6682 |   6618 |     64 |   1258 |   4012 |   7 |  954.6 |
       Dungeon |   6405 |   6341 |     64 |   1258 |   3844 |   6 | 1067.5 |
        Temple |    276 |    276 |      0 |      0 |    168 |   1 |  276.0 |
               +--------+--------+--------+--------+--------+-----+--------+

Top non-repeatable levels by time:
     D:2: 1668 daAuts
     D:5: 1613 daAuts
     D:4: 1327 daAuts
     D:1: 1003 daAuts
     D:3: 583 daAuts
  Temple: 276 daAuts
     D:6: 209 daAuts
